 Dungeon Crawl Stone Soup version 0.32-a0-22-g6ae6769602 (webtiles) character file.

Game seed: 15057712225426888788

53 Dittersdorf the Covered (level 3, 0/24 HPs)
             Began as a Gargoyle Fighter on Jan 18, 2024.
             Slain by a cerulean imp
             ... wielding a +2 spear
             ... summoned by Natasha
              (2 damage)
             ... on level 2 of the Dungeon.
             The game lasted 00:01:01 (705 turns).

Dittersdorf the Covered (Gargoyle Fighter)           Turns: 705, Time: 00:01:02

Health: 0/24       AC: 10    Str: 21    XL:     3   Next: 87%
Magic:  3/3        EV:  9    Int:  8    God:
Gold:   44         SH:  4    Dex:  9    Spells: 2/2 levels left

rFire   . . .        a - +0 flail
rCold   . . .        c - +0 buckler
rNeg    + . .        b - +0 scale mail
rPois   ∞            (no helmet)
rElec   +            (no cloak)
rCorr   .            (no gloves)
SInv    .            (no boots)
Will    .....        (no amulet) Stlth
                     (no ring)
HPRegen 0.24/turn    (no ring)
MPRegen 0.08/turn

%: no passive effects
@: slowed, very slow
A: sickness immunity, AC +3, negative energy resistance 1, electricity
resistance, torment resistance 1, petrification resistance
a: no special abilities


You were on level 2 of the Dungeon.
You visited 1 branch of the dungeon, and saw 2 of its levels.

You collected 44 gold pieces.

Inventory:

Hand Weapons
 a - a +0 flail (weapon)
Armour
 b - a +0 scale mail (worn)
 c - a +0 buckler (worn)
Scrolls
 g - a scroll of teleportation {unknown}
 i - 3 scrolls of fear {unknown}
 l - a scroll of revelation {unknown}
 m - a scroll of enchant armour {unknown}
 n - a scroll of vulnerability {unknown}
Potions
 d - a potion of might
 e - 4 potions of degeneration {unknown}
 h - a potion of berserk rage {unknown}
 j - a potion of curing {unknown}
 k - a potion of mutation {unknown}


   Skills:
 + Level 3.8 Fighting
 + Level 2.6 Maces & Flails
 + Level 3.8 Armour
 + Level 3.8 Shields


You had 2 spell levels left.
You didn't know any spells.
Your spell library was empty.

Dungeon Overview and Level Annotations

Branches:
Dungeon (2/15)

Altars:

Annotations:
D:2 Natasha


Innate Abilities, Weirdness & Mutations

You are immune to sickness and miasma.
Your stone body is resilient. (AC +3)
You are immune to poison.
You resist negative energy. (rN+)
You are resistant to electric shocks. (rElec)
You are resistant to unholy torment.
You are immune to petrification.


Message History

Natasha claws you.
The cerulean imp hits you from afar with a +0 spear.
Natasha barely misses you.
You completely miss Natasha.
Natasha is lightly wounded.
The cerulean imp hits you but does no damage.
Natasha claws you. You block the cerulean imp's attack.
Natasha closely misses you.
You hit Natasha.
Natasha is heavily wounded.
The cerulean imp barely misses you.
Natasha mumbles some strange words.
The cerulean imp hits you but does no damage.
You hit Natasha but do no damage.
Natasha is heavily wounded.
Natasha casts a spell at you. The magic dart hits you.
* * * LOW HITPOINT WARNING * * *
The cerulean imp hits you but does no damage.
You block the cerulean imp's attack. Natasha claws you but does no damage.
The cerulean imp hits you but does no damage. x2
Natasha claws you.
* * * LOW HITPOINT WARNING * * *
The air fills with toxic fumes!
As you read the scroll labelled YTU ANIKHEEPN, it crumbles to dust.
It was a scroll of poison.
The cerulean imp hits you but does no damage.
You block the cerulean imp's attack. Natasha completely misses you.
You completely miss the cerulean imp.
The cerulean imp hits you but does no damage. x2
Natasha barely misses you.
The cerulean imp hits you but does no damage.
The cerulean imp hits you with a +2 spear.
* * * LOW HITPOINT WARNING * * *
Natasha barely misses you.
You hit the cerulean imp.
The cerulean imp is moderately wounded.
You block the cerulean imp's attack.
The cerulean imp hits you with a +2 spear.
You die...

###.........#
###..........§#
#...#........§#
#.###........§# #.#
####.####§# #.# #.# §# #.#
#.# 5# #####.######§####h#
.........§§§§§§5@§#
..###.###§§§§§#####
####.....§§§#.#############
##.....##§..#.##..........#
.....##### .#.##..........#
#..#....... #.............#
########### ##########....#
##.'..#...#....# #
##..##...###....#


You could see Natasha and 2 cerulean imps.

Vanquished Creatures
  Jessica (D:2)
  A ribbon worm (D:2)
  2 endoplasms
  A giant cockroach (D:1)
  A goblin (D:1)
  3 hobgoblins
  4 kobolds (D:1)
  3 quokkas
  2 ball pythons (D:1)
  2 bats (D:1)
  2 frilled lizards
  3 rats
25 creatures vanquished.

Notes
Turn   | Place    | Note
-------+----------+-------------------------------------------
     0 | D:1      | Dittersdorf the Gargoyle Fighter began the quest for the
                  | Orb.
     0 | D:1      | Reached XP level 1. HP: 14/14 MP: 1/1
    63 | D:1      | Reached XP level 2. HP: 19/19 MP: 2/2
   557 | D:2      | Noticed Jessica
   566 | D:2      | Killed Jessica
   567 | D:2      | Reached XP level 3. HP: 24/24 MP: 3/3
   691 | D:2      | Noticed Natasha
   705 | D:2      | Slain by a cerulean imp

Illustrated notes

Levels and vault maps discovered:
D:1:      minmay_arrival_four_houses, layout_rooms
D:2:      minmay_razor_zed, layout_rooms, serial_shops,
          nicolae_shop_just_a_little_nook, pf_guarded_unrand_woodcutter,
          uniq_natasha, uniq_sigmund, uniq_jessica

Action                     || total
---------------------------++-------
  Melee: Flail             ||    87
    Use: Scroll            ||     1
 Armour: Scale mail        ||    74
  Dodge: Dodged            ||    43
  Block: Buckler           ||    26

Table legend: (Time is in decaauts)
 A = Elapsed time spent in this place.
 B = Non-inter-level travel time spent in this place.
 C = Inter-level travel time spent in this place.
 D = Time resting spent in this place.
 E = Time spent auto-exploring this place.
 F = Levels seen in this place.
 G = Mean time per level.
                   A        B        C        D        E       F      G
               +--------+--------+--------+--------+--------+-----+--------+
         Total |    736 |    728 |      8 |      0 |    533 |   2 |  368.0 |
       Dungeon |    736 |    728 |      8 |      0 |    533 |   2 |  368.0 |
               +--------+--------+--------+--------+--------+-----+--------+

Top non-repeatable levels by time:
     D:1: 513 daAuts
     D:2: 223 daAuts
